 Dungeon Crawl Stone Soup version 0.30-a0-42-g806c11bf1d (webtiles) character file.

Game seed: 18328598399578071305

1385 Newt the Cutter (level 8, -3/59 (60) HPs)
             Began as a Demonspawn Gladiator on Aug 30, 2022.
             Slain by a wight
             ... wielding a +5 scimitar of freezing
              (4 damage)
             ... on level 6 of the Dungeon.
             The game lasted 00:07:45 (7634 turns).

Newt the Cutter (Demonspawn Gladiator)              Turns: 7634, Time: 00:07:45

HP:   -3/59 (60)    AC:  8    Str: 17    XL:     8   Next: 40%
MP:   8/8           EV: 12    Int: 10    God:
Gold: 258           SH:  5    Dex: 14    Spells: 7/7 levels left

rFire   . . .      SeeInvis .    j - +2 short sword (speed)
rCold   . . .      Faith    .    v - +0 buckler
rNeg    . . .      Spirit   .    b - +0 leather armour
rPois   .          Reflect  .    (helmet restricted)
rElec   .          Harm     .    q - +1 cloak {rCorr}
rCorr   +          Rampage  .    l - +0 pair of gloves
Will    +....                    (no boots)
Stlth   ++........               o - amulet of the acrobat
HPRegen 0.19/turn                n - ring of willpower
MPRegen 0.11/turn                (no ring)

@: studying Hexes, lightly drained
A: antennae 1, molten scales 1, foul stench 1, spiny 1
a: no special abilities


You were on level 6 of the Dungeon.
You visited 1 branch of the dungeon, and saw 6 of its levels.

You collected 258 gold pieces.

Inventory:

Hand Weapons
 a - a +0 rapier
 f - a +0 dagger of speed
 i - a +3 short sword of chaos
 j - a +2 short sword of speed (weapon)
Missiles
 d - 2 throwing nets (quivered)
 e - a javelin
 u - 2 boomerangs
 A - 2 poisoned darts
Armour
 b - a +0 leather armour (worn)
 c - a +0 helmet
 k - a +0 ring mail
 l - a +0 pair of gloves (worn)
 q - a +1 cloak of preservation (worn)
 s - a +0 chain mail
 v - a +0 buckler (worn)
Jewellery
 n - a ring of willpower (left hand)
 o - an amulet of the acrobat (around neck)
Scrolls
 w - a scroll of identify
 x - a scroll of teleportation
 y - 2 scrolls of silence
Potions
 g - a potion of lignification
 h - 2 potions of flight
 m - 2 potions of degeneration
 p - a potion of might
 r - 2 potions of haste
 t - a potion of heal wounds
 z - a potion of cancellation {unknown}


   Skills:
 - Level 4.0 Fighting
 - Level 6.0 Short Blades
 - Level 4.0 Throwing
 + Level 2.1 Armour
 - Level 4.0 Dodging
 - Level 2.0 Stealth
 - Level 4.0 Shields


You had 7 spell levels left.
You didn't know any spells.
Your spell library contained the following spells:

 Spells                   Type           Power      Damage    Failure   Level
 Magic Dart               Conj           0%         1d3       52%         1
 Call Imp                 Summ           0%         N/A       65%         2
 Gell's Gravitas          Tloc           0%         N/A       87%         3
 Mephitic Cloud           Conj/Pois/Air  0%         N/A       87%         3
 Teleport Other           Tloc           0%         N/A       87%         3
 Dispersal                Tloc           0%         N/A       100%        6


Dungeon Overview and Level Annotations

Branches:
Dungeon (6/15)
 Temple: D:4-7

Altars:
Makhleb
Sif Muna
Trog
Uskayaw
Yredelemnul

Shops:
D:5 (

Annotations:
D:6 Maggie, Menkaure, Pikel


Innate Abilities, Weirdness & Mutations

You have a pair of small antennae on your head.
You are partially covered in molten scales. (AC +2)
You may rarely emit foul miasma when damaged in melee.
You are partially covered in sharp spines.


Message History

Things that are here:
a +0 flail; an orc corpse Menkaure, Prince of Dust comes into view.
An iguana comes into view.
There is a stone staircase leading down here.
You hit the wight but do no damage.
Menkaure mumbles a few words.
You hit the wight.
The wight is lightly damaged.
The wight hits you with a +5 scimitar of freezing!
The wight freezes you.
You hit the wight.
The wight is moderately damaged.
The wight misses you.
You hit the wight.
The wight is heavily damaged.
You hit the wight.
The wight is heavily damaged.
The wight is struck by your spines.
The wight hits you with a +5 scimitar of freezing!
The wight freezes you.
You hit the wight but do no damage.
The wight is severely damaged.
The wight hits you but does no damage.
You hit the wight but do no damage.
The wight is severely damaged.
You hit the wight.
The wight is severely damaged.
The wight hits you with a +5 scimitar of freezing!
* * * LOW HITPOINT WARNING * * *
The wight freezes you.
* * * LOW HITPOINT WARNING * * *
Unknown command.
You can't go up here!
The wight hits you with a +5 scimitar of freezing!
* * * LOW HITPOINT WARNING * * *
You feel drained.
* * * LOW HITPOINT WARNING * * *
The wight freezes you.
You die...

## ....# .##.##
##.#8.8## #.. ....
#.# 8.8 ###### #.#
#.##
#####....###.###..#
..........).....@.#
###....#.####.##z##
#.##.#.#....#.M#
#....#.#.####..#
######.. #..# ###
#.......#
#...####.. #.... #.
.# #....# ####. #.#


You could see Menkaure and a wight.

Vanquished Creatures
  Grinder (D:4)
  Sigmund (D:2)
  An ice beast (D:5)
  2 ogres
  A lemure (D:5)
  Blork the orc (D:6)
  A phantom (D:5)
  2 scorpions (D:5)
  2 wights
  2 hounds
  A jelly (D:6)
  A gnoll bouda (D:5)
  Crazy Yiuf (D:2)
  2 iguanas
  2 orc wizards
  5 gnolls
  2 adders
  A shadow imp (D:5)
  A worm (D:2)
  5 dart slugs
  8 orcs
  7 ball pythons
  6 bats
  10 endoplasms
  A giant cockroach (D:1)
  2 goblins
  6 hobgoblins
  3 jackals (D:1)
  4 quokkas
  4 frilled lizards
  9 kobolds
  3 rats (D:2)
98 creatures vanquished.

Notes
Turn   | Place    | Note
-------+----------+-------------------------------------------
     0 | D:1      | Newt the Demonspawn Gladiator began the quest for the Orb.
     0 | D:1      | Reached XP level 1. HP: 16/16 MP: 1/1
    60 | D:1      | Reached skill level 1 in Stealth
   230 | D:1      | Gained mutation: You may rarely emit foul miasma when
                  | damaged in melee. [demonic ancestry]
   230 | D:1      | Reached XP level 2. HP: 22/22 MP: 2/2
   746 | D:1      | Reached skill level 3 in Short Blades
  1121 | D:2      | Found a faded altar of an unknown god.
  1202 | D:2      | Reached XP level 3. HP: 27/27 MP: 3/3
  1476 | D:2      | Found a runed translucent door.
  1477 | D:2      | Noticed Crazy Yiuf
  1914 | D:2      | Noticed Sigmund
  1937 | D:2      | Killed Sigmund
  1938 | D:2      | Reached skill level 4 in Short Blades
  1938 | D:2      | Gained mutation: You have a pair of small antennae on your
                  | head. [demonic ancestry]
  1938 | D:2      | Reached XP level 4. HP: 9/37 MP: 4/4
  1938 | D:2      | Gained mutation: You are partially covered in sharp spines.
                  | [demonic ancestry]
  1938 | D:2      | Reached XP level 5. HP: 11/42 MP: 5/5
  2350 | D:2      | Killed Crazy Yiuf
  2889 | D:3      | Gained mutation: You are partially covered in molten
                  | scales. (AC +2) [demonic ancestry]
  2889 | D:3      | Reached XP level 6. HP: 41/48 MP: 6/6
  3169 | D:3      | Found a bloodstained altar of Trog.
  3253 | D:3      | Found a burning altar of Makhleb.
  3898 | D:4      | Noticed Grinder
  3922 | D:4      | Killed Grinder
  4451 | D:4      | Found a shimmering blue altar of Sif Muna.
  4458 | D:4      | Found a basalt altar of Yredelemnul.
  4487 | D:4      | Reached XP level 7. HP: 50/54 MP: 7/7
  4497 | D:4      | Reached skill level 5 in Short Blades
  4842 | D:5      | Entered Level 5 of the Dungeon
  4915 | D:5      | Reached skill level 6 in Short Blades
  4915 | D:5      | Reached skill level 1 in Shields
  5446 | D:5      | Found Plog's Antique Weapon Shoppe.
  5967 | D:5      | Reached XP level 8. HP: 55/60 MP: 8/8
  6665 | D:6      | Noticed Pikel
  6666 | D:6      | Noticed Maggie
  7467 | D:6      | Found a hide-covered altar of Uskayaw.
  7501 | D:6      | Noticed Blork the orc
  7516 | D:6      | Killed Blork the orc
  7517 | D:6      | Reached skill level 1 in Armour
  7604 | D:6      | Noticed Menkaure
  7634 | D:6      | HP: 1/59 [wight/+5 scimitar of freezing (4)]
  7634 | D:6      | Slain by a wight

Illustrated notes

Levels and vault maps discovered:
D:1:      amcnicky_arrival_flooded_fountain, layout_basic
D:2:      layout_loops_ring, dreamdust_ecumenical_altar_statues,
          uniq_crazy_yiuf_cottage, uniq_sigmund
D:3:      layout_basic, old_standard_altar, bloody_trog
D:4:      layout_gridville, amethyst_overflow_temple_binary,
          serial_co_window_serial, co_window_corner_a,
          co_window_of_opportunity_a, co_window_corner_a, co_window_paths_a,
          co_window_of_opportunity_a, co_window_paths_a, co_window_corner_a,
          co_window_of_opportunity_a, co_window_of_opportunity_a,
          co_window_cross_4, co_window_cross_3, co_window_of_opportunity_b,
          co_window_cross_3, glass_columns_b, glass_columns_b,
          minmay_misc_feat_columns, uniq_grinder
D:5:      layout_layer_cave, serial_glass, glass_columns_c, glass_columns_a,
          serial_shops, shop
D:6:      layout_basic, nemelex_dance_club_becter, kennysheep_little_box,
          minmay_temple_entry_junction_2, st_stairs_14,
          small_statue_intersection, kennysheep_generic_room_12, uniq_maggie,
          uniq_pikel, uniq_menkaure, uniq_blork_the_orc, uniq_eustachio

Skill      XL: |  1  2  3  4  5  6  7  8 |
---------------+-------------------------+-----
Stealth        | 1 2 |  2.0
Short Blades   | 3 4 6 |  6.0
Fighting       | 4 |  4.0
Throwing       | 2 3 4 |  4.0
Shields        | 3 4 |  4.0
Dodging        | 4 |  4.0
Armour         | 2 |  2.1

Action                   |  1- 3 |  4- 6 |  7- 9 || total
-------------------------+-------+-------+-------++-------
Melee: Dagger            |   135 |       |       ||   135
       Short sword       |    50 |   100 |   206 ||   356
       Punch             |       |     1 |       ||     1
Throw: Throwing net      |     4 |     1 |     3 ||     8
       Boomerang         |       |     2 |       ||     2
       Javelin           |       |     1 |       ||     1
  Use: Scroll            |     4 |     5 |     4 ||    13
 Stab: Sleeping          |     2 |     2 |       ||     4
       Held in net/web   |     1 |     2 |     1 ||     4
       Distracted        |     1 |       |       ||     1
Armor: Leather armour    |    37 |    18 |    33 ||    88
Dodge: Dodged            |    67 |    30 |    59 ||   156
Block: Buckler           |       |     3 |     7 ||    10

Table legend: (Time is in decaauts)
 A = Elapsed time spent in this place.
 B = Non-inter-level travel time spent in this place.
 C = Inter-level travel time spent in this place.
 D = Time resting spent in this place.
 E = Time spent auto-exploring this place.
 F = Levels seen in this place.
 G = Mean time per level.
                   A        B        C        D        E       F      G
               +--------+--------+--------+--------+--------+-----+--------+
         Total |   7430 |   7132 |    298 |   2082 |   4260 |   6 | 1238.3 |
       Dungeon |   7430 |   7132 |    298 |   2082 |   4260 |   6 | 1238.3 |
               +--------+--------+--------+--------+--------+-----+--------+

Top non-repeatable levels by time:
     D:5: 2412 daAuts
     D:2: 1682 daAuts
     D:1: 1074 daAuts
     D:4: 998 daAuts
     D:3: 959 daAuts
     D:6: 304 daAuts
